 Dungeon Crawl Stone Soup version 0.19-a0-975-gfff5315 (webtiles) character file.

26 Fabri the Changer (level 2, 23/23 HPs)
             Began as a Draconian Transmuter on July 13, 2016.
             Quit the game on level 1 of the Dungeon.
             The game lasted 00:03:15 (1089 turns).

Fabri the Changer (Draconian Transmuter)            Turns: 1089, Time: 00:03:15

Health: 23/23      AC:  4    Str: 12    XL:     2   Next: 89%
Magic:  5/5        EV: 12    Int: 13    God:
Gold:   68         SH:  0    Dex: 11    Spells: 1 memorised, 4 levels left

rFire  . . .     SeeInvis .       - Unarmed
rCold  . . .     Gourm    .     (armour unavailable)
rNeg   . . .     Faith    .     (no shield)
rPois  .         Spirit   .     (helmet restricted)
rElec  .         Dismiss  .     (no cloak)
rCorr  .         Reflect  .     (no gloves)
SustAt .         Harm     .     (no boots)
MR     .....                    (no amulet)
Stlth  +.........               (no ring)
                                (no ring)

@: not resistant to hostile enchantments, very unstealthy
A: unfitting armour, cold-blooded, AC +4
a: no special abilities


You were on level 1 of the Dungeon.
You were hungry.

You visited 1 branch of the dungeon, and saw 1 of its levels.

You collected 68 gold pieces.

Inventory:

Hand Weapons
 j - a +1 dagger of flaming
 n - a +1 whip of venom
Missiles
 a - 28 arrows
 d - 6 needles of sleeping
 o - 23 stones (quivered)
 p - 17 poisoned needles
Armour
 e - a +1 plate armour of poison resistance
Jewellery
 k - an uncursed ring of ice {unknown}
Scrolls
 i - a scroll of remove curse {unknown}
 l - 3 scrolls of identify {unknown}
 q - a scroll of fog {unknown}
Potions
 g - a potion of lignification {unknown}
 m - a potion of brilliance {unknown}
 r - a potion of agility {unknown}
Books
 b - a book of Changes

   Spells                             Type                      Level
   a - Beastly Appendage              Transmutation                1
   b - Sticks to Snakes               Transmutation                2
   c - Spider Form                    Transmutation/Poison         3
   d - Ice Form                       Ice/Transmutation            4
   e - Blade Hands                    Transmutation                5
Comestibles
 c - a bread ration
 f - a meat ration
 h - a royal jelly
 s - a beef jerky


   Skills:
 - Level 1.1 Fighting
 - Level 1.7 Dodging
 - Level 3.0 Unarmed Combat
 - Level 2.0 Spellcasting
 * Level 3.4 Transmutations


You had 4 spell levels left.
You knew the following spells:

 Your Spells              Type           Power        Failure   Level  Hunger
a - Beastly Appendage     Tmut           ##....       10%         1    ##.....


Dungeon Overview and Level Annotations

Branches:
Dungeon (1/15)

Altars:


Innate Abilities, Weirdness & Mutations

Your plain brown scales are hard. (AC +4)
Your body does not fit into most forms of armour.
You are cold-blooded and may be slowed by cold attacks.


Message History

You closely miss the kobold.
The kobold is moderately wounded.
The kobold barely misses you.
You closely miss the kobold.
The kobold is moderately wounded.
The kobold barely misses you.
You hit the kobold.
You kill the kobold!
You see here a dagger.
o - 21 stones (gained 1)
o - 22 stones (gained 1)
You are feeling hungry.
o - 23 stones (gained 1)
There is an open door here.
Found a stone staircase leading down.
s - a beef jerky
l - 3 scrolls labeled JORIGHO CADISH (gained 1)
A gnoll comes into view. It is wielding a halberd.
The gnoll shouts!
Are you sure you want to abandon this character and quit the game? (Confirm with "yes".)

.......##.# #.#
........#.# ## #.#
........#.# #.
#.######
........#.# #g
#......##
........#.# #.
#.####..#
..#####...# #. ##.
#.#.# ..# ##..# #.
#..##...# ..# #..#
#.####>.##.# ###
#..## #.@.##..##.#
###### #...#
#.##..##...#
.....# ##..##
#...#.##.###
####.# #...#
###...####
#.#####..#########
# #.#..........#
####....###..##.#
.............#
...........#>#


You could see a gnoll.

Vanquished Creatures
  2 dart slugs (D:1)
  5 bats (D:1)
  3 goblins (D:1)
  A hobgoblin (D:1)
  3 jackals (D:1)
  A ball python (D:1)
  2 giant newts (D:1)
  4 kobolds (D:1)
  2 rats (D:1)
23 creatures vanquished.

Notes
Turn   | Place    | Note
-------+----------+-------------------------------------------
     0 | D:1      | Fabri the Draconian Transmuter began the quest for the Orb.
     0 | D:1      | Reached XP level 1. HP: 16/16 MP: 3/3
   132 | D:1      | Reached XP level 2. HP: 10/23 MP: 5/5
  1089 | D:1      | Quit the game

Vault maps used:
D:1:      dpeg_chamrin_arrival_tetris, st_stairs_7

Skill      XL: |  1  2 |
---------------+-------+-----
Transmutations | 3 |  3.4
Fighting       | |  1.1
Dodging        | |  1.7
Unarmed Combat | |  3.0
Spellcasting   | |  2.0

Action                   || total
-------------------------++-------
Melee: Unarmed           ||    96
       Headbutt          ||     3
       Tailslap          ||     7
       Kick              ||     1
 Cast: Beastly Appendage ||     4
Armor: Skin              ||    34
Dodge: Dodged            ||    82
